Map: Cyber Forest LE

Players

Ealianis - Winner!

  • Race: Protoss Protoss
  • League: Silver
  • Spawn Location: 11:00

Throwfordays

  • Race: Protoss Protoss
  • League: Silver
  • Spawn Location: 5:00

VOD

Have the link to the VOD?

Description

Time

  • Played on: April 3, 2019, 3:23 p.m.
  • Length: 9:09
Show
View Real Time Build Order
Export as new Build Order

Ealianis Protoss - Winner!

Build Orders:  

Get SALT Encoding   

  12  0:00  Probe  
  13  0:13  Probe  
  14  0:18  Pylon  
  14  0:25  Probe  
  15  0:37  Probe  
  15  0:38  Gateway  
  16  0:49  Probe  
  17  0:52  Assimilator  
  17  1:01  Probe  
  18  1:11  Assimilator  
  18  1:26  Cybernetics Core  
  18  1:31  Probe  
  19  1:43  Probe  
  20  1:55  Probe  
  20  1:57  Pylon  
  21  2:07  Probe  
  22  3:11  Stargate  
  22  3:13  Stargate  
  22  3:17  Nexus  
  22  3:31  Zealot  
  21  3:52  Void Ray  
  21  3:53  Void Ray  
  22  4:38  Probe  
  17  4:40  Void Ray  
  20  4:50  Probe  
  21  5:02  Probe  
  22  5:40  Pylon  
  21  6:10  Probe  
  13  6:51  Probe  
  13  6:59  Probe  
  15  7:09  Probe  
  12  8:23  Probe  
Show
View Real Time Build Order
Export as new Build Order

Throwfordays Protoss 

Build Orders:  

Get SALT Encoding   

  12  0:00  Probe  
  13  0:13  Probe  
  14  0:17  Pylon  
  14  0:25  Probe  
  15  0:33  Probe  
  15  0:40  Gateway  
  16  0:45  Assimilator  
  16  0:48  Probe  
  17  1:00  Probe  
  17  1:01  Assimilator  
  18  1:12  Probe  
  19  1:25  Probe  
  20  1:27  Cybernetics Core  
  20  1:31  Gateway  
  20  1:34  Probe  
  21  1:42  Probe  
  22  1:48  Gateway  
  22  1:52  Probe  
  22  1:58  Warp Gate  
  23  2:03  Pylon  
  23  2:06  Pylon  
  23  2:12  Pylon  
  23  2:21  Adept  
  25  2:26  Adept  
  27  2:36  Adept  
  29  2:54  Pylon  
  29  3:10  Pylon  
  29  3:13  Adept x3  
  35  3:23  Pylon  
  31  4:10  Adept x3  
  37  4:33  Pylon  
  37  4:54  Stalker  
  24  5:53  Nexus  
  18  5:58  Probe  
  18  6:35  Probe  
  18  6:59  Pylon  
  18  7:07  Probe  
  18  7:15  Probe  
  19  7:25  Probe  
  17  7:37  Probe  
  17  7:49  Probe  
Tags
 
Matchup
PvP
Replay Pack
Multiplayer
Spawn Locations
Cross Positions
Add a new tag
Caveats
  • Supply blocks, unpowered buildings, or Contaminate may cause inaccurate times.
  • Supply counts are checked every 10 seconds.